 Dungeon Crawl Stone Soup version 0.25.1-2-g60ff931df9 (webtiles) character file.

Game seed: 7256410236041267209

295 Johnny the Digger (level 5, -6/38 HPs)
             Began as a Demigod Earth Elementalist on Oct 26, 2020.
             Mangled by an orc warrior
             ... wielding a +0 short sword
              (12 damage)
             ... on level 4 of the Dungeon.
             The game lasted 00:03:09 (3624 turns).

Johnny the Digger (Demigod Earth Elementalist)      Turns: 3624, Time: 00:03:09

Health: -6/38      AC:  6    Str: 11    XL:     5   Next: 86%
Magic:  11/13      EV: 11    Int: 21    God:
Gold:   143        SH:  0    Dex: 16    Spells: 9/10 levels left

rFire    . . .     SeeInvis .   l - +0 mace (protect)
rCold    . . .     Gourm    .   (no shield)
rNeg     . . .     Faith    .   x - +0 ring mail
rPois    .         Spirit   .   k - +0 helmet (curse)
rElec    .         Reflect  .   (no cloak)
rCorr    .         Harm     .   (no gloves)
MR       .....                  (no boots)
Stlth    +.........             (no amulet)
HPRegen  0.12/turn              (no ring)
MPRegen  0.13/turn              (no ring)

@: no status effects
A: high mp 1
a: no special abilities


You were on level 4 of the Dungeon.
You were not hungry.

You visited 1 branch of the dungeon, and saw 4 of its levels.

You collected 143 gold pieces.

Inventory:

Hand Weapons
 l - a +0 mace of protection (weapon)
Missiles
 b - 83 stones (quivered)
Armour
 c - a +0 robe
 k - a cursed +0 helmet (worn)
 x - a +0 ring mail (worn)
Wands
 s - a wand of enslavement (3)
 v - a wand of paralysis (4)
Scrolls
 a - 4 scrolls of remove curse {unknown}
 e - a scroll of immolation {unknown}
 f - 5 scrolls of fear {unknown}
 g - 2 scrolls of noise {unknown}
 i - a scroll of enchant armour {unknown}
 m - a scroll of teleportation {unknown}
 n - 3 scrolls of enchant weapon {unknown}
 o - a scroll of random uselessness {unknown}
 q - 3 scrolls of magic mapping {unknown}
 t - 2 scrolls of identify {unknown}
Potions
 h - a potion of mutation {unknown}
 j - 2 potions of might {unknown}
 p - a potion of degeneration {unknown}
 r - 3 potions of curing {unknown}
 u - a potion of magic {unknown}
 w - a potion of ambrosia {unknown}
Comestibles
 d - 8 rations
 z - 3 chunks of flesh


   Skills:
 - Level 1.7 Dodging
 - Level 1.7 Stealth
 + Level 3.3 Spellcasting
   Level 0.8 Transmutations
 * Level 5.4 Earth Magic


You had 9 spell levels left.
You knew the following spells:

 Your Spells              Type           Power        Failure   Level  Hunger
a - Sandblast             Erth           ####..       3%          1    None

Your spell library contained the following spells:

 Spells                   Type           Power        Failure   Level  Hunger
 Passwall                 Tmut/Erth      ###.....     13%         2    ##.....
 Stone Arrow              Conj/Erth      ##....       30%         3    ###....
 Petrify                  Tmut/Erth      ###.....     65%         4    ####...
 Lee's Rapid Deconstruct  Erth           ####......   67%         5    ######.


Dungeon Overview and Level Annotations

Branches:
Dungeon (4/15)
 Temple: D:4-7


Innate Abilities, Weirdness & Mutations

You have an increased reservoir of magic. (+10% MP)


Message History

The orc warrior hits you with a +0 short sword!
* * * LOW HITPOINT WARNING * * *
Casting: Sandblast (safe; 3% risk of failure)
Confirm with . or Enter, or press ? or * to list all spells.
Aiming: Sandblast (safe; 3% risk of failure)
Press: ? - help, Shift-Dir - straight line, f/p - orc warrior
Aim: an orc warrior, wielding a +0 short sword and wearing a +0 chain mail (almost dead)
The blast of sand hits the orc warrior but does no damage.
The orc warrior is almost dead.
b - 84 stones The orc warrior hits you but does no damage.
Casting: Sandblast (safe; 3% risk of failure)
Confirm with . or Enter, or press ? or * to list all spells.
Aiming: Sandblast (safe; 3% risk of failure)
Press: ? - help, Shift-Dir - straight line, f/p - orc warrior
Aim: an orc warrior, wielding a +0 short sword and wearing a +0 chain mail (almost dead)
The blast of sand misses the orc warrior.
b - 83 stones The orc warrior hits you with a +0 short sword!
You die...

##...#......+.....#...
#...##.....#.....#...
##'###.....#.....#...
+..........#.....#...
#..........#.....#...
##+#####..........#.....#...
#......#<..##....###'#####..
###.....)#...##....###....##..
.......[)'..o@.....#(.........
.....)..)#)........#..........
.........#.........#..........
...#######...##...###.....##..
.. #....##...##########..
#....#....#........#..
#....#....#........+..
#....'....#........#..
#....#....##......##..


You could see an orc warrior.

Vanquished Creatures
  An ogre (D:4)
  An orc priest (D:3)
  Ijyb (D:4)
  A worker ant (D:4)
  4 adders
  An ooze (D:3)
  3 worms
  2 dart slugs (D:2)
  A leopard gecko (D:1)
  9 orcs
  3 giant cockroaches
  6 goblins
  8 hobgoblins
  3 jackals (D:4)
  10 kobolds
  5 bats
  3 frilled lizards
  A leopard gecko skeleton (D:4)
  5 rats
68 creatures vanquished.

Vanquished Creatures (collateral kills)
  3 orcs (D:4)
3 creatures vanquished.

Vanquished Creatures (others)
  An orc (D:4)
1 creature vanquished.

Grand Total: 72 creatures vanquished

Notes
Turn   | Place    | Note
-------+----------+-------------------------------------------
     0 | D:1      | Johnny the Demigod Earth Elementalist began the quest for
                  | the Orb.
     0 | D:1      | Reached XP level 1. HP: 14/14 MP: 5/5
    63 | D:1      | Reached skill level 3 in Earth Magic
   311 | D:1      | Reached XP level 2. HP: 20/20 MP: 4/7
  1079 | D:2      | Found a sparkling altar of Nemelex Xobeh.
  1090 | D:2      | Reached XP level 3. HP: 21/26 MP: 9/9
  2094 | D:3      | Reached skill level 4 in Earth Magic
  2233 | D:3      | Reached XP level 4. HP: 32/33 MP: 10/10
  2247 | D:3      | Found a bloodstained altar of Trog.
  2309 | D:3      | Found a sacrificial altar of Ru.
  3083 | D:4      | Noticed Ijyb
  3090 | D:4      | Killed Ijyb
  3090 | D:4      | Reached XP level 5. HP: 38/38 MP: 5/12
  3562 | D:4      | Noticed an ogre
  3564 | D:4      | Noticed an orc warrior
  3566 | D:4      | Killed an ogre
  3566 | D:4      | Reached skill level 5 in Earth Magic
  3624 | D:4      | Mangled by an orc warrior

Illustrated notes

Levels and vault maps discovered:
D:1:      minmay_arrival_shattered_statue, layout_rooms
D:2:      layout_loops_corners, nemelex_xobeh_ov_fountains_minmay
D:3:      layout_rooms, old_standard_altar, trog_three_pillars_becter
D:4:      layout_gridville, first_ration, kennysheep_doodads,
          eino_small_chamber_without_monster, uniq_ijyb

Skill      XL: |  1  2  3  4  5 |
---------------+----------------+-----
Earth Magic    | 3 4 5 |  5.4
Spellcasting   | 2 3 |  3.3
Dodging        | |  1.7
Stealth        | |  1.7
Transmutations | |  0.8

Action                   |  1- 3 |  4- 6 || total
-------------------------+-------+-------++-------
Melee: Unarmed           |    18 |       ||    18
       Mace              |    98 |    70 ||   168
 Cast: Sandblast         |    19 |    20 ||    39
Evoke: Wand              |       |    10 ||    10
 Stab: Sleeping          |     6 |     4 ||    10
       Paralysed         |       |     6 ||     6
  Eat: Chunk             |     4 |     5 ||     9
Armor: Robe              |    35 |    22 ||    57
       Ring mail         |       |    12 ||    12
Dodge: Dodged            |    79 |    74 ||   153
